 Dungeon Crawl Stone Soup version 0.26-a0-667-g92642533e4 (webtiles) character file.

Game seed: 3297769462672927491

15110 Whiskey the Frost Mage (level 12, -6/112 HPs)
             Began as a Naga Ice Elementalist on Oct 17, 2020.
             Was a Believer of Sif Muna.
             Shot with an arrow by Nessos (10 damage)
             ... on level 12 of the Dungeon.
             The game lasted 00:43:20 (13775 turns).

Whiskey the Frost Mage (Naga Ice Elementalist)     Turns: 13775, Time: 00:43:21

Health: -6/112     AC: 11    Str: 11    XL:     12   Next: 23%
Magic:  20/24      EV:  9    Int: 19    God:    Sif Muna [**....]
Gold:   596        SH:  5    Dex: 13    Spells: 13/28 levels left

rFire    . . .     SeeInvis +   A - +12 Vampire's Tooth {vamp}
rCold    . . .     Faith    .   (no shield)
rNeg     . . .     Spirit   .   e - +0 troll leather armour {regen}
rPois    +         Reflect  +   r - +2 helmet
rElec    .         Harm     .   G - +0 cloak
rCorr    +         Rampage  .   C - +0 pair of gloves
MR       +....                  (no barding)
Stlth    ++++......             c - amulet of reflection
HPRegen  0.68/turn              P - ring of resist corrosion
MPRegen  0.19/turn              x - ring of wizardry {Wiz+, !d}

@: lethally poisoned (-6 -> -20), frozen ramparts, very slow
A: large, see invisible, deformed body, poison resistance, slowness 2, spit
poison 1, AC +4
a: Spit Poison, Channel Magic, Renounce Religion


You were on level 12 of the Dungeon.
You worshipped Sif Muna.
Sif Muna was pleased with you.
You visited 2 branches of the dungeon, and saw 13 of its levels.
You also visited: Bailey.

You collected 596 gold pieces.

Inventory:

Hand Weapons
 d - a +1 vorpal flail
   (You took it off an orc on level 11 of the Dungeon)
 k - a +2 rapier of speed
   (You took it off a centaur on level 11 of the Dungeon)
 n - a +1 dagger of venom
   (You took it off an orc wizard on level 11 of the Dungeon)
 A - the +12 Vampire's Tooth (weapon) {vamp}
   (You found it on level 5 of the Dungeon)

   It inflicts no extra harm, but heals its wielder when it wounds a living foe.
Missiles
 p - 38 poisoned darts (quivered)
 I - 8 throwing nets {=f, !d}
Armour
 e - a +0 troll leather armour (worn) {regen}
   (You found it on level 11 of the Dungeon)
 r - a +2 helmet (worn)
   (You found it on level 3 of the Dungeon)
 C - a +0 pair of gloves (worn)
   (You found it on level 5 of the Dungeon)
 G - a +0 cloak (worn)
   (You found it on level 6 of the Dungeon)
 L - +0 steam dragon scales
   (You took it off Maggie on level 6 of the Dungeon)
Magical Staves
 y - an uncursed staff of death {rN+}
   (You found it on level 5 of the Dungeon)
 T - an uncursed staff of earth
   (You took it off an orc wizard on level 8 of the Dungeon)
Jewellery
 c - an amulet of reflection (around neck)
   (You found it on level 11 of the Dungeon)
 q - an uncursed ring of flight {+Fly, !d}
   (You took it off a gnoll sergeant in a bailey)
 s - a +6 ring of dexterity
   (You found it on level 3 of the Dungeon)
 x - a ring of wizardry (right hand) {Wiz+, !d}
   (You found it on level 4 of the Dungeon)
 P - a ring of resist corrosion (left hand)
   (You found it on level 7 of the Dungeon)
Wands
 D - a wand of polymorph (4)
   (You found it on level 6 of the Dungeon)
 H - a wand of paralysis (8)
   (You took it off an orc wizard on level 6 of the Dungeon)
 M - a wand of iceblast (11)
   (You found it on level 6 of the Dungeon)
 N - a wand of random effects (52)
   (You took it off an orc on level 7 of the Dungeon)
 U - a wand of disintegration (14)
   (You found it on level 8 of the Dungeon)
Scrolls
 a - 2 scrolls of identify
 j - 10 scrolls of teleportation
 m - 3 scrolls of enchant weapon
 o - 2 scrolls of enchant armour
 t - 6 scrolls of amnesia {unknown}
 v - 5 scrolls of fog
 S - 5 scrolls of remove curse
 W - 2 scrolls of summoning {unknown}
Potions
 b - 3 potions of lignification {unknown}
 f - 5 potions of degeneration {!q}
 g - 2 potions of heal wounds
 h - 6 potions of flight
 i - 2 potions of magic {unknown}
 l - 3 potions of berserk rage {unknown}
 u - 5 potions of curing
 z - 2 potions of might
 B - a potion of ambrosia {unknown}
 F - a potion of mutation {unknown}
 O - a potion of brilliance {unknown}
 X - 3 potions of stabbing {unknown}


   Skills:
 - Level 8.4 Fighting
 - Level 1.5 Dodging
 * Level 8.9 Stealth
 - Level 8.7 Spellcasting
 - Level 5.4 Summonings
 - Level 13.2 Ice Magic


You had 13 spell levels left.
You knew the following spells:

 Your Spells              Type           Power        Failure   Level
a - Freeze                Ice            ####         1%          1
b - Frozen Ramparts       Ice            ######       1%          3
c - Summon Ice Beast      Ice/Summ       #####...     1%          4
d - Hailstorm             Conj/Ice       ####....     2%          4
A - Ozocubu's Armour      Ice            ######..     1%          3

Your spell library contained the following spells:

 Spells                   Type           Power        Failure   Level
 Summon Small Mammal      Summ           ####         1%          1
 Call Imp                 Summ           ####....     1%          2
 Call Canine Familiar     Summ           ####....     1%          3
 Sting                    Tmut/Pois      #...         4%          1
 Summon Guardian Golem    Hex/Summ       ###.....     4%          3
 Poisonous Vapours        Pois/Air       #.....       7%          2
 Ignite Poison            Fire/Tmut/Pois #.......     13%         3
 Mephitic Cloud           Conj/Pois/Air  #.......     13%         3
 Summon Lightning Spire   Summ/Air       ###.....     16%         4
 Olgreb's Toxic Radiance  Pois           #.......     38%         4


Dungeon Overview and Level Annotations

Branches:
Dungeon (12/15)            Temple (1/1) D:6            Lair (0/6) D:11
    Orc (0/2) D:10         Bailey (visited)

Altars:
Ashenzari
Cheibriados
Dithmenos
Elyvilon
Fedhas
Gozag
Hepliaklqana
Kikubaaqudgha
Makhleb
Nemelex Xobeh
Okawaru
Qazlal
Ru
Sif Muna
Trog
Uskayaw
Vehumet
Wu Jian
Xom
Yredelemnul
Zin
The Shining One

Shops:
D:5 *   D:10 (?*   D:11 }   D:12 }

Annotations:
D:12 Nessos


Innate Abilities, Weirdness & Mutations

You cannot wear boots.
Your serpentine skin is tough. (AC +4)
You have supernaturally acute eyesight. (SInv)
Armour fits poorly on your strangely shaped body.
Your system is resistant to poisons. (rPois)
You cover ground very slowly.
You can spit poison.


Message History

The wall freezes the orc warrior.
The orc warrior barely misses you.
You regained 6 hp, and now have 90/112 hp.
You puncture the orc warrior!
The wall freezes the orc wizard!
The orc wizard barely misses you.
You puncture the orc warrior!
You feel better.
You kill the orc warrior!
Sif Muna accepts your kill.
You regained 11 hp, and now have 101/112 hp.
You puncture the orc wizard!
You feel better.
You kill the orc wizard!
Sif Muna accepts your kill.
You regained 6 hp, and now have 107/112 hp.
No target in view!
No target in view!
The frozen ramparts melt away.
Things that are here:
a +0 long sword; a cursed +0 chain mail; an orc corpse Health restored: 112; MP restored: 24
Items here: )) [[ †.
Things that are here:
a +0 hand axe; 2 boomerangs; an orc corpse
m - 3 scrolls of enchant weapon (gained 1)
You now have 596 gold pieces (gained 17).
There is a stone staircase leading up here.
Found a stone staircase leading down.
Found a stone staircase leading up.
There is a stone staircase leading up here.
h - 6 potions of flight (gained 1)
Found Mosuyxeq's Gadget Shop.
Found an escape hatch in the ceiling.
Erolcha the Cunning comes into view.
She is wielding a +0 giant club and wearing a +1 robe of cold resistance.
Okay, then.
Throwing (i - inventory)
p - 39 poisoned darts (quivered)
Aim: Erolcha, wielding a +0 giant club and wearing a +1 robe of cold resistance (asleep)
You throw a poisoned dart. The poisoned dart hits Erolcha.
Erolcha is poisoned.
Erolcha shouts!
You hear a shout!
Nessos the Markscentaur comes into view.
Erolcha casts a spell.
Erolcha flickers and vanishes for a moment.
Nessos intently looks at you, slowly moving their tail.
Nessos drinks a potion.
Nessos suddenly seems more resistant.
The walls around you are covered in ice.
A centaur comes into view.
You now have 21/24 mp.
Nessos wields a +2 longbow of flaming.
It bursts into flame!
Nessos shoots an arrow.
The arrow hits you! The arrow burns you.
A bullfrog comes into view.
Nessos blinks!
The bullfrog moves out of view.
You see here an arrow.
You take 18 damage, and have 94/112 hp.
You start resting.
Erolcha is nearby!
You regained 2 hp, and now have 97/112 hp.
Nessos resists.
The wall freezes Nessos.
Nessos gestures wildly while chanting.
Nessos seems to speed up.
Nessos resists.
The wall freezes Nessos.
Nessos shoots an arrow.
The arrow barely misses Erolcha.
The arrow hits you. The arrow burns you.
You are poisoned.
Erolcha resists.
The wall freezes Erolcha.
Erolcha barely misses you.
The centaur shouts!
You see here 2 arrows.
You take 5 damage, and have 92/112 hp.
You hit Erolcha.
You feel sick.
Nessos resists.
The wall freezes Nessos.
Nessos shoots an arrow.
The arrow closely misses Erolcha.
The arrow hits you! The arrow burns you.
You take 16 damage, and have 76/112 hp.
You barely miss Erolcha.
Nessos resists.
The wall freezes Nessos.
Nessos shoots an arrow.
The arrow hits Erolcha.
The arrow burns Erolcha.
Erolcha is poisoned.
Erolcha resists.
The wall freezes Erolcha.
Erolcha gestures at you while chanting. You resist with almost no effort.
Nessos resists.
The wall freezes Nessos.
You puncture Erolcha!
You feel better.
Nessos resists.
The wall freezes Nessos.
Nessos stands on their hind legs for a moment.
Nessos shoots an arrow.
The arrow hits Erolcha!!
The arrow burns Erolcha.
Erolcha dies!
You regained 11 hp, and now have 87/112 hp.
The frozen ramparts melt away.
You feel sick.
Nessos unwields a +2 longbow of flaming.
It stops flaming.
Nessos hits you. x2; Nessos hits you!
Items here: ( ) [ †.
You take 16 damage, and have 71/112 hp.
You hit Nessos.
You feel better.
Nessos blinks!
Nessos wields a +2 longbow of flaming.
It bursts into flame!
Nessos shoots an arrow.
The arrow hits you! The arrow burns you.
You take 16 damage, and have 55/112 hp.
The walls around you are covered in ice.
Nessos shoots an arrow.
The arrow hits you! The arrow burns you.
The wall freezes the centaur.
The centaur hits you.
You take 17 damage, and have 38/112 hp.
You now have 20/24 mp.
You are too injured to fight recklessly!
You are too injured to fight recklessly!
You completely miss the centaur.
You feel sick.
Nessos shoots an arrow.
The arrow barely misses you.
The wall freezes the centaur!
The centaur hits you.
You take 4 damage, and have 34/112 hp.
You puncture the centaur!
Nessos shoots an arrow.
The arrow hits you!!
* * * LOW HITPOINT WARNING * * *
The arrow burns you!
You are lethally poisoned!
You die...

#...........
##.##........
##..#####.....
##c.## ####..
# #...# ###
#.####...# #
#........##
####......#
#@(.....#
#c##.....# ..#
##.....# 8..#
##....# .....
##...# 8<∩.
....# ...
#...# .(8 #...
...


You could see Nessos (fast, resistant) and a centaur.

Vanquished Creatures
  2 two-headed ogres
  Erica (D:8)
  Sonja (D:10)
  A sea snake (shapeshifter) (D:11)
  An unseen horror (D:11)
  3 deep elf magi
  A cyclops (D:11)
  Maggie (D:6)
  A komodo dragon (D:11)
  2 trolls (D:11)
  A meliai (D:11)
  3 slime creatures (D:12)
  A shadow (D:12)
  6 yaks (D:11)
  A vampire mosquito (D:11)
  A soldier ant (D:11)
  A black bear (D:8)
  6 orc warriors
  4 ice beasts
  6 sky beasts
  A phantom (D:6)
  A wolf (D:11)
  6 ogres
  2 big kobolds
  5 centaurs
  6 bullfrogs
  8 gnoll sergeants (Bailey)
  4 scorpions
  2 wyvern skeletons
  8 killer bees
  4 wights
  9 howler monkeys
  A jelly (D:9)
  15 hounds
  5 gnoll shamans (Bailey)
  7 orc priests
  18 orc wizards
  4 bullfrog skeletons
  An iguana (D:7)
  5 worker ants
  2 hound zombies
  13 gnolls
  9 adders
  A hound simulacrum (D:11)
  2 shadow imps (D:5)
  2 white imps
  5 ufetubi
  4 worms
  7 leopard geckos
  36 orcs
  3 ball pythons
  9 giant cockroaches
  11 goblins
  8 hobgoblins
  16 jackals
  3 quokkas
  7 bats
  A frilled lizard (D:1)
  A jackal skeleton (D:4)
  21 kobolds
  A leopard gecko skeleton (D:5)
  6 rats
324 creatures vanquished.

Vanquished Creatures (collateral kills)
  A water elemental (D:11)
  An ice beast (D:5)
  A phantom (D:7)
  4 electric eels (D:11)
  An orc priest (D:7)
  A gnoll shaman (Bailey)
  2 gnolls (Bailey)
11 creatures vanquished.

Vanquished Creatures (others)
  Erolcha (D:12)
1 creature vanquished.

Grand Total: 336 creatures vanquished

Notes
Turn   | Place    | Note
-------+----------+-------------------------------------------
     0 | D:1      | Whiskey the Naga Ice Elementalist began the quest for the
                  | Orb.
     0 | D:1      | Reached XP level 1. HP: 15/15 MP: 3/3
   295 | D:1      | Reached XP level 2. HP: 21/22 MP: 5/5
  1476 | D:2      | Reached XP level 3. HP: 28/28 MP: 4/6
  1565 | D:2      | Learned a level 3 spell: Frozen Ramparts
  1957 | D:2      | Reached XP level 4. HP: 34/36 MP: 5/8
  2369 | D:3      | Reached skill level 5 in Ice Magic
  2520 | D:3      | Reached skill level 3 in Spellcasting
  2698 | D:3      | HP: 7/36 [orc wizard/puff of frost (7)]
  2699 | D:3      | Reached XP level 5. HP: 9/42 MP: 5/9
  3828 | D:4      | Reached skill level 6 in Ice Magic
  3828 | D:4      | Reached XP level 6. HP: 45/49 MP: 7/11
  3969 | D:4      | Found an opulent altar of Gozag.
  3977 | D:4      | Found a glowing golden altar of the Shining One.
  3978 | D:4      | Found a shimmering altar of Xom.
  3979 | D:4      | Found a shadowy altar of Dithmenos.
  3980 | D:4      | Found a sacrificial altar of Ru.
  3981 | D:4      | Found a broken altar of Ashenzari.
  4127 | D:4      | Reached skill level 4 in Spellcasting
  4474 | D:4      | Found a stormy altar of Qazlal.
  4734 | D:5      | Entered Level 5 of the Dungeon
  4734 | D:5      | Found Ratwyto's Elemental Accessories.
  4743 | D:5      | Reached skill level 7 in Ice Magic
  4743 | D:5      | Reached XP level 7. HP: 25/56 MP: 8/13
  4751 | D:5      | Reached skill level 1 in Fighting
  5493 | D:5      | Found the +12 Vampire's Tooth {vamp}
  5534 | D:5      | Reached skill level 2 in Fighting
  5573 | D:5      | Reached XP level 8. HP: 68/68 MP: 10/15
  5776 | D:5      | Learned a level 4 spell: Summon Ice Beast
  5798 | D:5      | Reached skill level 8 in Ice Magic
  6112 | D:5      | Found a burning altar of Makhleb.
  6112 | D:5      | Noticed a blizzard demon
  6115 | D:5      | Noticed an orange demon
  6115 | D:5      | Noticed a hellwing
  6229 | D:6      | Reached skill level 3 in Fighting
  6229 | D:6      | Reached skill level 5 in Spellcasting
  6597 | D:6      | Reached skill level 9 in Ice Magic
  6627 | D:6      | Found a staircase to the Ecumenical Temple.
  6663 | D:6      | Got an encrusted spear
  6664 | D:6      | Identified the +2 spear of the Scroll {flame, Str+4} (You
                  | found it on level 6 of the Dungeon)
  6671 | D:6      | Reached skill level 4 in Fighting
  6683 | D:6      | Reached XP level 9. HP: 73/78 MP: 17/17
  6721 | D:6      | Noticed Maggie
  6738 | D:6      | Killed Maggie
  6853 | D:6      | Reached skill level 6 in Spellcasting
  7162 | D:7      | Reached skill level 5 in Fighting
  7162 | D:7      | Reached skill level 10 in Ice Magic
  7288 | D:7      | HP: 20/81 [phantom (6)]
  8042 | D:8      | Noticed Erica
  8052 | D:8      | Killed Erica
  8052 | D:8      | Reached skill level 6 in Fighting
  8052 | D:8      | Reached skill level 7 in Spellcasting
  8052 | D:8      | Reached skill level 11 in Ice Magic
  8052 | D:8      | Reached XP level 10. HP: 87/91 MP: 17/20
  8230 | D:8      | Reached skill level 1 in Summonings
  9004 | D:9      | Found a flagged portal.
  9048 | Bailey   | Entered a bailey
  9128 | Bailey   | Reached skill level 2 in Summonings
 10323 | D:9      | Reached skill level 7 in Fighting
 10515 | D:9      | Reached skill level 3 in Summonings
 10612 | D:10     | Entered Level 10 of the Dungeon
 10650 | D:10     | Found Ygrei's Magic Scroll Shop.
 10754 | Temple   | Entered the Ecumenical Temple
 10858 | Temple   | Learned a level 3 spell: Ozocubu's Armour
 10863 | Temple   | Learned a level 4 spell: Hailstorm
 10869 | Temple   | TerrariaFan: ur lucky
 10934 | Temple   | Became a worshipper of Sif Muna the Loreminder
 11048 | D:10     | Found Alajec's Antique Weapon Boutique.
 11057 | D:10     | Reached skill level 12 in Ice Magic
 11081 | D:10     | Found Naqif's Lightly-Used Armoury.
 11272 | D:10     | Reached XP level 11. HP: 100/100 MP: 22/22
 11328 | D:10     | Noticed Sonja
 11330 | D:10     | Whiskey: lol
 11336 | D:10     | Killed Sonja
 11394 | D:10     | Found a staircase to the Orcish Mines.
 11452 | D:10     | Noticed a two-headed ogre
 11459 | D:10     | Killed a two-headed ogre
 11459 | D:10     | Reached skill level 8 in Spellcasting
 11691 | D:11     | HP: 22/100 [electric eel/bolt of electricity (15)]
 11696 | D:11     | HP: 15/100 [wolf (2)]
 12054 | D:11     | Found a staircase to the Lair.
 12351 | D:11     | Reached skill level 4 in Summonings
 12593 | D:11     | Reached * piety under Sif Muna
 12644 | D:11     | Noticed a cyclops
 12657 | D:11     | Killed a cyclops
 12758 | D:11     | Noticed an unseen horror
 12768 | D:11     | Killed an unseen horror
 12768 | D:11     | Reached skill level 8 in Fighting
 12880 | D:11     | Reached skill level 13 in Ice Magic
 12936 | D:11     | Noticed a deep elf mage
 12940 | D:11     | Reached skill level 5 in Summonings
 12944 | D:11     | Killed a deep elf mage
 12975 | D:11     | Noticed a deep elf mage
 12982 | D:11     | Killed a deep elf mage
 12986 | D:11     | Noticed a swamp dragon
 12986 | D:11     | an elephant changed into a swamp dragon
 12987 | D:11     | Noticed a shock serpent
 12987 | D:11     | a swamp dragon changed into a shock serpent
 12997 | D:11     | Noticed a sea snake
 12997 | D:11     | a shock serpent changed into a sea snake
 13002 | D:11     | Killed a sea snake
 13221 | D:11     | Reached XP level 12. HP: 112/112 MP: 24/24
 13256 | D:11     | Found Emaloqin's Gadget Emporium.
 13306 | D:12     | Noticed a two-headed ogre
 13312 | D:12     | Killed a two-headed ogre
 13312 | D:12     | Reached skill level 5 in Stealth
 13444 | D:12     | Reached skill level 6 in Stealth
 13565 | D:12     | Reached skill level 7 in Stealth
 13581 | D:12     | Reached skill level 8 in Stealth
 13602 | D:12     | Reached ** piety under Sif Muna
 13758 | D:12     | Found Mosuyxeq's Gadget Shop.
 13759 | D:12     | Noticed Erolcha
 13760 | D:12     | Noticed Nessos
 13770 | D:12     | Killed Erolcha
 13775 | D:12     | HP: 4/112 [Nessos/arrow (31)]
 13775 | D:12     | Shot with an arrow by Nessos

Illustrated notes

Levels and vault maps discovered:
D:1:      giann_horns, layout_loops_ring
D:2:      layout_rooms
D:3:      kennysheep_the_goblin_king, layout_rooms, nrook_mini_backslash
D:4:      layout_basic, grunt_qazlal_clouds, minitemple
D:5:      layout_loops_ring, nicolae_elemental_shop, makhleb_altar_promises_db
D:6:      layout_rooms, minmay_temple_entry_proselytizer, sigmund_army,
          uniq_maggie
D:7:      layout_rooms, chequers_serial_rivers_small_a
D:8:      layout_basic, uniq_erica
D:9:      layout_cave_pods, enter_bailey_2, minmay_misc_feat_iff,
          hangedman_decor_growths
D:10:     layout_roguey, orc_0_dummy, serial_shops,
          nicolae_shop_overgrown_old_shop, kennysheep_mini, minmay_shop_damaged,
          library_closet, uniq_sonja
D:11:     layout_basic, erik_lair_island, serial_shops, shop,
          minmay_the_grid_2x2 [minmay_the_grid_x, minmay_the_grid_large_cup,
          minmay_the_grid_fan, minmay_the_grid_prize_inner_circle]
D:12:     layout_cave_pods, serial_shops, shop, nicolae_shop_statue_plus,
          shop_statue, nicolae_transmutations_shop, uniq_nessos, uniq_erolcha
Temple:   regret_index_temple_waves

Skill      XL: |  1  2  3  4  5  6  7  8  9 10 11 12 |
---------------+-------------------------------------+-----
Ice Magic      | 5 6 7 9 11 12 13 | 13.2
Spellcasting   | 3 4 5 7 8 |  8.7
Fighting       | 2 4 6 7 8 |  8.4
Summonings     | 3 5 |  5.4
Stealth        | 8 |  8.9
Dodging        | |  1.5

Action                   |  1- 3 |  4- 6 |  7- 9 | 10-12 || total
-------------------------+-------+-------+-------+-------++-------
Melee: Unarmed           |     2 |       |       |       ||     2
       Dagger            |    67 |   102 |    30 |       ||   199
       Staff             |       |       |    32 |       ||    32
       Quick blade       |       |       |   162 |   391 ||   553
Throw: Dart              |       |    14 |     3 |    11 ||    28
 Cast: Freeze            |    23 |    12 |     4 |       ||    39
       Frozen Ramparts   |     3 |    16 |    24 |    40 ||    83
       Summon Ice Beast  |       |       |     9 |    14 ||    23
 Abil: Spit Poison       |    10 |    12 |     5 |     4 ||    31
  Use: Scroll            |       |       |     8 |     6 ||    14
 Stab: Sleeping          |     2 |     4 |     3 |     8 ||    17
       Distracted        |       |       |     2 |       ||     2
Armor: Robe              |    22 |    33 |    50 |       ||   105
       Steam dragon scal |       |       |    33 |    89 ||   122
       Troll leather arm |       |       |       |    33 ||    33
Dodge: Dodged            |    51 |    58 |   101 |   160 ||   370
Block: Other             |       |       |       |    44 ||    44
       Reflection        |       |       |       |     1 ||     1

Table legend: (Time is in decaauts)
 A = Elapsed time spent in this place.
 B = Non-inter-level travel time spent in this place.
 C = Inter-level travel time spent in this place.
 D = Time resting spent in this place.
 E = Time spent auto-exploring this place.
 F = Levels seen in this place.
 G = Mean time per level.
                   A        B        C        D        E       F      G
               +--------+--------+--------+--------+--------+-----+--------+
         Total |  16490 |  15655 |    835 |   2420 |  10572 |  14 | 1177.9 |
       Dungeon |  15314 |  14559 |    755 |   2084 |  10074 |  12 | 1276.2 |
        Temple |    285 |    206 |     79 |      0 |    139 |   1 |  285.0 |
        Bailey |    890 |    890 |      0 |    336 |    358 |   1 |  890.0 |
               +--------+--------+--------+--------+--------+-----+--------+

Top non-repeatable levels by time:
     D:5: 1745 daAuts
     D:1: 1697 daAuts
    D:11: 1540 daAuts
     D:3: 1468 daAuts
     D:4: 1365 daAuts
     D:8: 1320 daAuts
     D:9: 1210 daAuts
     D:6: 1209 daAuts
    D:10: 1108 daAuts
     D:2: 1049 daAuts
     D:7: 989 daAuts
  Bailey: 890 daAuts
    D:12: 608 daAuts
  Temple: 285 daAuts

Table legend:
 A = Kills in this place as a percentage of kills in entire the game.
 B = Kills by you in this place as a percentage of kills by you in the entire game.
 C = Kills by friends in this place as a percentage of kills by friends in the entire game.
 D = Other kills in this place as a percentage of other kills in the entire game.
 E = Experience gained in this place as a percentage of experience gained in the entire game.
 F = Experience gained in this place divided by the number of levels of this place that you have seen.
                   A       B       C       D       E      F
               +-------+-------+-------+-------+-------+----------------------
         Total | 100.0 | 100.0 | 100.0 | 100.0 | 100.0 | 1541.9
       Dungeon |  91.1 |  91.7 |  72.7 | 100.0 |  94.5 | 1700.2
        Bailey |   8.9 |   8.3 |  27.3 |   0.0 |   5.5 | 1183.0
               +-------+-------+-------+-------+-------+----------------------
